 Dungeon Crawl Stone Soup version 0.25-b1-37-g2669288c55 (webtiles) character file.

Game seed: 14030046947403172678

4373 failweight the Spear-Bearer (level 10, -8/86 HPs)
             Began as a Minotaur Berserker on June 4, 2020.
             Was a High Priest of Trog.
             Mangled by Gastronok (34 damage)
             ... on level 9 of the Dungeon.
             The game lasted 00:48:04 (9049 turns).

failweight the Spear-Bearer (Minotaur Berserker)    Turns: 9049, Time: 00:48:05

Health: -8/86      AC: 11    Str: 30    XL:     10   Next: 13%
Magic:  9/9        EV: 11    Int:  4    God:    Trog [*****.]
Gold:   468        SH:  0    Dex: 11    Spells: 9/9 levels left

rFire    . . .     SeeInvis .   i - +3 scythe
rCold    + . .     Gourm    .   (shield currently unavailable)
rNeg     . . .     Faith    .   t - +0 chain mail
rPois    .         Spirit   .   (helmet restricted)
rElec    .         Reflect  .   (no cloak)
rCorr    .         Harm     .   y - +0 pair of gloves
MR       .....                  (no boots)
Stlth    ..........             (no amulet)
HPRegen  0.24/turn              m - +6 ring of strength
MPRegen  0.11/turn              D - ring of protection from cold

@: lightly drained
A: retaliatory headbutt, horns 2
a: Berserk, Trog's Hand, Brothers in Arms, Renounce Religion


You were on level 9 of the Dungeon.
You worshipped Trog.
Trog was extremely pleased with you.
You were not hungry.

You visited 1 branch of the dungeon, and saw 9 of its levels.

You collected 468 gold pieces.

Inventory:

Hand Weapons
 i - a +3 scythe (weapon)
 s - a +0 trident of venom
 u - a +1 vampiric hand axe
 I - a +2 flail of draining
Missiles
 k - 46 poisoned darts (quivered)
 p - 191 stones
Armour
 t - a +0 chain mail (worn)
 y - a +0 pair of gloves (worn)
Jewellery
 a - an uncursed amulet of magic regeneration {unknown}
 f - a cursed ring of teleportation {unknown}
 h - a +6 ring of dexterity {unknown}
 m - a +6 ring of strength (left hand)
 D - a ring of protection from cold (right hand)
 M - an uncursed ring of flight {unknown}
 N - an uncursed ring of flight {unknown}
Wands
 x - a wand of disintegration (23)
 K - a wand of polymorph (11)
 L - a wand of enslavement (6)
 S - a wand of clouds (4)
Scrolls
 b - 3 scrolls of fear
 d - 3 scrolls of remove curse
 g - 2 scrolls of magic mapping {unknown}
 j - 6 scrolls of teleportation
 o - a scroll of enchant armour {unknown}
 q - a scroll of amnesia {unknown}
 r - 2 scrolls of immolation
 A - a scroll of blinking
 B - a scroll of noise {unknown}
 C - a scroll of enchant weapon {unknown}
 H - a scroll of identify
 O - a scroll of random uselessness {unknown}
 P - 2 scrolls of fog {unknown}
Potions
 e - 4 potions of curing
 l - 4 potions of heal wounds
 n - a potion of resistance {unknown}
 v - 2 potions of might {unknown}
 w - 2 potions of ambrosia {unknown}
 z - a potion of mutation {unknown}
 E - 2 potions of flight {unknown}
 F - a potion of berserk rage {unknown}
 G - 3 potions of degeneration {unknown}
 J - a potion of magic {unknown}
 Q - 2 potions of cancellation {unknown}
 T - a potion of experience {unknown}
Comestibles
 c - 6 rations


   Skills:
 + Level 7.0(6.9) Fighting
 - Level 5.3(10.1) Axes
 * Level 13.2(13.4) Polearms
 + Level 7.3(7.2) Armour
 + Level 4.5(4.3) Dodging
 - Level 0.1(0.0) Stealth


You had 9 spell levels left.
You didn't know any spells.
Your spell library was empty.

Dungeon Overview and Level Annotations

Branches:
Dungeon (9/15)             Temple (0/1) D:6
   Lair: D:8-11         Orc: D:9-12

Altars:
Gozag
Kikubaaqudgha
Makhleb
Qazlal
Trog
Wu Jian
Beogh

Shops:
D:6 }([

Annotations:
D:2 1 runed translucent door, exclusion: door, Crazy Yiuf
D:5 3 runed translucent doors, Hatywr's ghost, novice HuFi
D:9 Gastronok


Innate Abilities, Weirdness & Mutations

You reflexively headbutt those who attack you in melee.
You have a pair of horns on your head.


Message History

You slice Gastronok!! Your headbutt misses Gastronok.
Gastronok is moderately wounded.
The orc warrior hits you with a +0 mace.
You slash Gastronok!
Gastronok is moderately wounded.
The orc warrior hits you with a +0 mace!!
Gastronok bites you.
You slash Gastronok!
Gastronok is heavily wounded.
The orc warrior hits you but does no damage.
Gastronok waves his eye-stalks in wide circles.
The air twists around and strikes you!!
You hit Gastronok but do no damage.
Gastronok is heavily wounded.
The orc warrior hits you with a +0 mace.
You slice Gastronok!! You headbutt Gastronok.
Gastronok is heavily wounded.
The orc warrior hits you with a +0 mace.
Gastronok bites you!!
You die...

#.....#......#...
##.....#......#...
#......#......#...
#......#......#...
#####......######'#...
#.....................
#.....................
#.....................
#....@..#####.########
##..w.o## ### #...##Jl
#... ..≈( #... ...>..
#... #.≈.≈. #...
.....######### #...
...##........
###......


You could see Gastronok, an orc warrior, an iguana and a jelly.

Vanquished Creatures
  Pikel (D:6)
  A troll (D:9)
  Sigmund (D:2)
  A wyvern (D:8)
  A hungry ghost (D:7)
  Edmund (D:6)
  A water moccasin (D:9)
  3 orc warriors
  A sky beast (D:7)
  2 black bears
  4 ogres
  A centaur (D:6)
  A crocodile (D:7)
  A big kobold (D:5)
  Blork the orc (D:5)
  A bullfrog (D:9)
  A water moccasin zombie (D:8)
  6 wights (D:9)
  A howler monkey (D:4)
  A bullfrog zombie (D:5)
  8 crimson imps
  4 jellies
  A centaur skeleton (D:6)
  4 orc priests
  4 hounds
  3 bullfrog skeletons
  2 iguanas
  7 orc wizards
  Terence (D:3)
  Ijyb (D:4)
  8 worker ants
  A hound zombie (D:7)
  A howler monkey zombie (D:7)
  7 adders
  A shadow imp (D:6)
  An adder skeleton (D:6)
  A worm (D:4)
  2 leopard geckos
  15 orcs
  2 ball pythons
  9 bats
  3 giant cockroaches
  2 goblins (D:1)
  9 hobgoblins
  16 jackals
  7 quokkas
  6 frilled lizards
  A jackal skeleton (D:4)
  29 kobolds
  4 rats
  A plant (D:5)
192 creatures vanquished.

Vanquished Creatures (others)
  A bullfrog (D:6)
  An electric eel (D:6)
  4 orcs (D:6)
6 creatures vanquished.

Grand Total: 198 creatures vanquished

Notes
Turn   | Place    | Note
-------+----------+-------------------------------------------
     0 | D:1      | failweight the Minotaur Berserker began the quest for the
                  | Orb.
     0 | D:1      | Reached XP level 1. HP: 19/19 MP: 0/0
   339 | D:1      | Reached XP level 2. HP: 26/27 MP: 1/1
   861 | D:2      | Reached ** piety under Trog
   916 | D:2      | Noticed Sigmund
  1206 | D:2      | Reached XP level 3. HP: 33/33 MP: 2/2
  1267 | D:2      | Killed Sigmund
  1267 | D:2      | Reached skill level 5 in Axes
  1267 | D:2      | Reached XP level 4. HP: 41/41 MP: 3/3
  1267 | D:2      | Reached XP level 5. HP: 47/47 MP: 4/4
  1421 | D:2      | Found a runed translucent door.
  1422 | D:2      | Noticed Crazy Yiuf
  1947 | D:3      | Found an ancient bone altar of Kikubaaqudgha.
  1973 | D:3      | Noticed Terence
  1981 | D:3      | Killed Terence
  1981 | D:3      | Reached skill level 5 in Fighting
  1981 | D:3      | Reached skill level 1 in Polearms
  2382 | D:3      | Reached XP level 6. HP: 56/56 MP: 5/5
  2383 | D:3      | Found an ornate altar of the Wu Jian Council.
  2545 | D:4      | Reached skill level 2 in Polearms
  2842 | D:4      | Noticed a fire elemental
  2844 | D:4      | Noticed an air elemental
  2846 | D:4      | Found a stormy altar of Qazlal.
  2849 | D:4      | Noticed a water elemental
  2924 | D:4      | Reached skill level 3 in Polearms
  3163 | D:4      | Reached XP level 7. HP: 50/61 MP: 6/6
  3220 | D:4      | Noticed Ijyb
  3228 | D:4      | Killed Ijyb
  3471 | D:4      | Found a burning altar of Makhleb.
  3471 | D:4      | Noticed an Executioner
  3474 | D:4      | Noticed a smoke demon
  3474 | D:4      | Noticed a smoke demon
  3510 | D:4      | Reached skill level 4 in Polearms
  3677 | D:5      | Entered Level 5 of the Dungeon
  3685 | D:5      | Reached skill level 5 in Polearms
  3714 | D:5      | Noticed Blork the orc
  3724 | D:5      | Killed Blork the orc
  3724 | D:5      | Reached skill level 5 in Armour
  3812 | D:5      | Reached *** piety under Trog
  3812 | D:5      | Reached skill level 6 in Polearms
  4030 | D:5      | Reached skill level 7 in Polearms
  4030 | D:5      | Reached XP level 8. HP: 60/70 MP: 7/7
  4656 | D:5      | Identified the +6 dagger of Dishonour {freeze, *Corrode
                  | rElec Str+6 Stlth+}
  4657 | D:5      | Noticed Hatywr's ghost (novice HuFi)
  4657 | D:5      | Found a runed translucent gate.
  4657 | D:5      | Found a runed translucent gate.
  4657 | D:5      | Found a runed translucent gate.
  4658 | D:5      | Found a roughly hewn altar of Beogh.
  4659 | D:5      | Identified the cursed +0 spear "Iracym" {vorpal, MR+}
  4862 | D:6      | Found Cisch's Antique Weapon Shop.
  4872 | D:6      | Reached skill level 8 in Polearms
  4898 | D:6      | Found Vudakhad's Antique Armour Emporium.
  4912 | D:6      | Reached **** piety under Trog
  5121 | D:6      | Reached skill level 9 in Polearms
  5312 | D:6      | Noticed Edmund
  5320 | D:6      | Killed Edmund
  5467 | D:6      | Found a staircase to the Ecumenical Temple.
  5480 | D:6      | Reached skill level 10 in Polearms
  5672 | D:6      | Found Ennoap's Gadget Boutique.
  5692 | D:6      | Noticed Pikel
  5707 | D:6      | Killed Pikel
  5707 | D:6      | Reached XP level 9. HP: 71/77 MP: 8/8
  6035 | D:7      | Reached skill level 11 in Polearms
  6718 | D:7      | Reached skill level 12 in Polearms
  7016 | D:8      | Reached ***** piety under Trog
  7508 | D:8      | Found an opulent altar of Gozag.
  8479 | D:8      | Found a bloodstained altar of Trog.
  8563 | D:9      | Noticed a troll
  8566 | D:9      | Killed a troll
  8566 | D:9      | Reached skill level 13 in Polearms
  8566 | D:9      | Reached XP level 10. HP: 84/84 MP: 9/9
  9040 | D:9      | Noticed Gastronok
  9049 | D:9      | Mangled by Gastronok

Illustrated notes

Levels and vault maps discovered:
D:1:      lightli_arrival_statuegarden, layout_loops_ring
D:2:      layout_rooms, uniq_crazy_yiuf_cottage, uniq_sigmund
D:3:      layout_basic, kiku_gazebo_pond_becter, marbit_many_paths, uniq_terence
D:4:      minmay_thinvault, layout_loops_corners,
          nicolae_qazlal_style_of_elements, makhleb_altar_promises_db,
          first_ration, uniq_ijyb
D:5:      kennysheep_kobold_camp, layout_loops_ring, biasface_ghost_orc_armoury,
          uniq_blork_the_orc
D:6:      layout_rooms, minmay_temple_entry_nine_rooms, serial_shops,
          shop_fountains, nicolae_shop_stone, kennysheep_mini, kennysheep_dice,
          uniq_edmund, uniq_pikel
D:7:      layout_loops_ring
D:8:      layout_layer_cave, lightli_temple_of_fire, nicolae_gozag_seed_capital,
          grunt_pizzeria
D:9:      layout_irregular_city, kennysheep_small_circle, uniq_gastronok

Skill      XL: |  1  2  3  4  5  6  7  8  9 10 |
---------------+-------------------------------+-----
Axes           | 4 5 |  5.3
Fighting       | 4 5 6 7 |  7.0
Armour         | 3 4 5 6 7 |  7.3
Dodging        | 3 4 |  4.5
Polearms       | 1 3 7 10 13 | 13.2
Stealth        | |  0.1

Action                   |  1- 3 |  4- 6 |  7- 9 | 10-12 || total
-------------------------+-------+-------+-------+-------++-------
Melee: Hand axe          |    59 |       |       |       ||    59
       Headbutt          |     4 |    12 |    55 |     5 ||    76
       Scythe            |       |    79 |   282 |    35 ||   396
Throw: Dart              |       |       |     5 |       ||     5
Invok: Berserk           |     1 |     2 |     1 |       ||     4
       Trog's Hand       |       |       |     2 |       ||     2
Evoke: Wand              |       |       |     1 |       ||     1
  Use: Scroll            |     4 |       |     5 |       ||     9
       Potion            |       |     1 |     1 |       ||     2
  Eat: Chunk             |     1 |     2 |     7 |       ||    10
       Ration            |       |     2 |     7 |       ||     9
Armor: Animal skin       |     2 |       |       |       ||     2
       Ring mail         |    20 |     9 |       |       ||    29
       Chain mail        |       |    22 |   150 |    16 ||   188
Dodge: Dodged            |    35 |    63 |   149 |    25 ||   272
